 Dungeon Crawl Stone Soup version 0.28.0-1-gb440e238dd (webtiles) character file.

Game seed: 8025040330743761143

3505 Peloso the Carver (level 9, 0/79 HPs)
             Began as a Minotaur Fighter on Feb 27, 2022.
             Was a Believer of Okawaru.
             Killed from afar by Erica (11 damage)
             ... with a lance of force
             ... on level 8 of the Dungeon.
             The game lasted 00:14:00 (7861 turns).

Peloso the Carver (Minotaur Fighter)                Turns: 7861, Time: 00:14:00

Health: 0/79       AC: 22    Str: 22    XL:     9   Next: 80%
Magic:  6/8        EV: 10    Int:  5    God:    Okawaru [**....]
Gold:   363        SH: 12    Dex: 13    Spells: 8/8 levels left

rFire   . . .      SeeInvis .   a - +2 falchion (flame)
rCold   . . .      Faith    .   c - +0 buckler
rNeg    . . .      Spirit   .   C - +0 plate armour
rPois   .          Reflect  +   (helmet restricted)
rElec   .          Harm     .   (no cloak)
rCorr   .          Rampage  +   i - +1 pair of gloves
Will    .....                   u - +2 pair of boots {rampage}
Stlth   ..........              n - amulet of reflection
HPRegen 0.23/turn               (no ring)
MPRegen 0.11/turn               (no ring)

@: heroic, slowed, very slow
A: horns 2, retaliatory headbutt
a: Renounce Religion, Heroism


You were on level 8 of the Dungeon.
You worshipped Okawaru.
Okawaru was pleased with you.
You visited 2 branches of the dungeon, and saw 9 of its levels.
You also visited: Sewer and Ossuary.

You collected 363 gold pieces.

Inventory:

Hand Weapons
 a - a +2 falchion of flaming (weapon)
 l - the +5 shortbow of Onga Kok {vorpal, Drain rC++ Dex+2}
   (You found it on level 2 of the Dungeon)

   Any ammunition fired from it inflicts extra damage upon your enemies.
   Dex:       It affects your dexterity (+2).
   rC:        It greatly protects you from cold.
   Drain:     It drains your maximum health when unequipped.
Armour
 b - a +0 scale mail
 c - a +0 buckler (worn)
 i - a +1 pair of gloves (worn)
 u - a +2 pair of boots of rampaging (worn)
 C - a +0 plate armour (worn)
Jewellery
 e - a ring of fire
 n - an amulet of reflection (around neck)
 t - a +4 ring of evasion
 x - a +6 ring of intelligence
 D - a +6 ring of intelligence
 G - a ring of resist corrosion
 H - a ring of willpower
Wands
 v - a wand of flame (62)
 E - a wand of mindburst (10)
Scrolls
 o - a scroll of blinking
 r - 2 scrolls of amnesia
 y - 2 scrolls of teleportation
Potions
 d - a potion of might
 f - 3 potions of brilliance
 g - a potion of mutation
 j - 3 potions of magic {unknown}
 m - a potion of flight
 p - 2 potions of resistance {unknown}
 q - 4 potions of invisibility {unknown}
 s - a potion of haste
 A - 5 potions of curing {unknown}
 B - 2 potions of ambrosia {unknown}
 F - a potion of berserk rage {unknown}
 I - a potion of heal wounds


   Skills:
 + Level 7.5(12.5) Fighting
 + Level 10.5(15.5) Long Blades
 + Level 9.0(14.0) Armour
 + Level 2.6(7.6) Dodging
 + Level 0.6(5.6) Stealth
 + Level 8.3(13.3) Shields


You had 8 spell levels left.
You didn't know any spells.
Your spell library contained the following spells:

 Spells                   Type           Power      Damage    Failure   Level
 Beastly Appendage        Tmut           0%         N/A       99%         1
 Wereblood                Tmut           0%         N/A       100%        2
 Confusing Touch          Hex            0%         N/A       100%        3
 Ignite Poison            Fire/Tmut/Pois 0%         N/A       100%        3
 Mephitic Cloud           Conj/Pois/Air  0%         N/A       100%        3
 Spider Form              Tmut/Pois      0%         N/A       100%        3
 Fulminant Prism          Conj/Hex       0%         3d6       100%        4
 Iskenderun's Mystic Bla  Conj/Tloc      0%         2d3       100%        4
 Freezing Cloud           Conj/Ice/Air   0%         6-21      100%        5
 Lee's Rapid Deconstruct  Erth           0%         3d5*      100%        5
 Yara's Violent Unravell  Hex/Tmut       0%         3d3       100%        5
 Enfeeble                 Hex            0%         N/A       100%        7


Dungeon Overview and Level Annotations

Branches:
Dungeon (8/15)             Temple (1/1) D:6           Sewer (visited)
Ossuary (visited)
   Lair: D:8-11

Altars:
Ashenzari
Dithmenos
Fedhas
Gozag
Hepliaklqana
Makhleb
Okawaru
Qazlal
Ru
Sif Muna
Trog
Uskayaw
Vehumet
Wu Jian
Xom
Yredelemnul
Zin
The Shining One

Shops:
D:4 ::

Annotations:
D:8 Erica


Innate Abilities, Weirdness & Mutations

You have a pair of horns on your head.
You reflexively headbutt those who attack you in melee.


Message History

The lance of force hits you!!
You are knocked back by the lance of force.
You miss something. Your headbutt misses something.
You hear some strange, mumbled words.
A lance of force appears from out of thin air!
The lance of force misses you.
You barely miss something. You headbutt something.
You block something's attack.
You hit something. You burn something. Your headbutt misses something.
You hear some strange, mumbled words.
A lance of force appears from out of thin air!
The lance of force hits you!
You are knocked back by the lance of force.
Something hits you! Something burns you.
You hit something but do no damage. Something hits you. Something burns you.
You slash something! You burn something. You barely miss something.
Your headbutt misses something.
You hear some strange, mumbled words.
You feel yourself slow down.
You hit something. You burn something. Something hits you. Something burns you.
You slash something! You burn something. Something hits you but does no damage.
You hit something. You burn something. Your headbutt misses something.
Something hits you. Something burns you.
* * * LOW HITPOINT WARNING * * *
You gain the combat prowess of a mighty hero.
Something hits you but does no damage. x2
You hit something. You burn something. Something hits you but does no damage.
You barely miss something. Something hits you.
* * * LOW HITPOINT WARNING * * *
Something burns you.
* * * LOW HITPOINT WARNING * * *
You closely miss something. Something hits you.
* * * LOW HITPOINT WARNING * * *
Something burns you.
* * * LOW HITPOINT WARNING * * *
You miss something. Your headbutt misses something.
You hear some strange, mumbled words.
A lance of force appears from out of thin air!
The lance of force hits you!
You die...

.......#...#..# #.#
............#..###.##
.............#..#....####
#.............#..#.#......
#.(..............#.##.####
#..........$.###.#........
#............+......#.####
#............###.#..#...
#.....>..@.....†.##.#####
#.......{.....)..# .#
#................# .#
#............#+### ..
#............# ##
#............#
##############


There were no monsters in sight!

Vanquished Creatures
  Grinder (D:5)
  Sigmund (D:3)
  A wraith (Ossuary)
  Menkaure (D:6)
  A steam dragon (D:5)
  2 water moccasins
  An orc warrior (D:6)
  2 ice beasts
  A black bear (D:6)
  4 ogres
  2 centaurs
  A phantom (D:4)
  An elf zombie (Ossuary)
  A kobold brigand (D:8)
  3 scorpions (D:6)
  3 bullfrogs
  A gnoll sergeant (D:8)
  2 wyvern skeletons
  A howler monkey (D:6)
  A centaur zombie (D:7)
  2 human zombies (Ossuary)
  A bullfrog zombie (D:6)
  3 jellies (D:6)
  3 orc priests
  A hound (D:4)
  3 iguanas
  4 orc wizards
  A hell rat (Sewer)
  2 killer bee zombies
  A hound skeleton (D:4)
  3 mummies (Ossuary)
  12 gnolls
  2 river rats (Sewer)
  5 adders
  A white imp (D:8)
  4 worms
  A dart slug (D:1)
  18 orcs
  4 ball pythons
  6 bats
  5 endoplasms
  2 giant cockroaches (D:1)
  4 goblins
  9 hobgoblins
  3 jackals (D:2)
  8 kobolds
  7 quokkas
  3 frilled lizards
  5 goblin zombies (Ossuary)
  A kobold zombie (Ossuary)
  8 rats
163 creatures vanquished.

Notes
Turn   | Place    | Note
-------+----------+-------------------------------------------
     0 | D:1      | Peloso the Minotaur Fighter began the quest for the Orb.
     0 | D:1      | Reached XP level 1. HP: 19/19 MP: 0/0
   219 | D:1      | Reached XP level 2. HP: 27/27 MP: 1/1
   320 | D:1      | Found a faded altar of an unknown god.
   566 | D:1      | Reached skill level 3 in Long Blades
   706 | D:1      | Reached XP level 3. HP: 33/33 MP: 2/2
   842 | D:2      | Identified the +5 shortbow of Onga Kok {vorpal, Drain rC++
                  | Dex+2}
  1373 | D:2      | Reached XP level 4. HP: 36/40 MP: 3/3
  1740 | D:3      | Noticed Sigmund
  1841 | D:4      | Found Byat's Book Shop.
  1861 | D:4      | Noticed a phantom
  1892 | D:4      | Killed a phantom
  1893 | D:4      | Reached skill level 4 in Long Blades
  1893 | D:4      | Reached skill level 1 in Dodging
  1893 | D:4      | Reached XP level 5. HP: 31/47 MP: 4/4
  2045 | D:4      | Reached skill level 5 in Shields
  2138 | D:4      | Reached skill level 5 in Long Blades
  2157 | D:4      | Found a glowing drain.
  2178 | Sewer    | Entered a sewer
  2337 | Sewer    | Reached XP level 6. HP: 53/53 MP: 5/5
  2688 | D:4      | Found Oheapp's Book Shoppe.
  3175 | D:3      | Killed Sigmund
  3176 | D:3      | Reached skill level 5 in Armour
  3371 | D:5      | Entered Level 5 of the Dungeon
  3387 | D:5      | Reached XP level 7. HP: 52/60 MP: 6/6
  3746 | D:5      | Noticed Grinder
  3753 | D:5      | Paralysed by Grinder for 3 turns
  3766 | D:5      | Paralysed by Grinder for 2 turns
  3769 | D:5      | Killed Grinder
  3770 | D:5      | Reached skill level 5 in Fighting
  3770 | D:5      | Reached skill level 6 in Long Blades
  4107 | D:5      | Noticed a steam dragon
  4121 | D:5      | Killed a steam dragon
  4122 | D:5      | Reached XP level 8. HP: 59/68 MP: 7/7
  4375 | D:5      | Found a broken altar of Ashenzari.
  4565 | D:6      | Found a staircase to the Ecumenical Temple.
  4577 | D:6      | Reached skill level 7 in Long Blades
  4582 | Temple   | Entered the Ecumenical Temple
  4759 | Temple   | Became a worshipper of Warmaster Okawaru
  5139 | D:6      | Reached * piety under Okawaru
  5315 | D:6      | Reached skill level 8 in Long Blades
  5441 | D:6      | Noticed Menkaure
  5452 | D:6      | Killed Menkaure
  5459 | D:6      | Reached XP level 9. HP: 63/78 MP: 8/8
  5882 | D:6      | Reached ** piety under Okawaru
  6463 | D:7      | Reached skill level 9 in Long Blades
  6905 | D:8      | Found a sand-covered staircase.
  6949 | Ossuary  | Entered an ossuary
  7299 | Ossuary  | Reached skill level 10 in Long Blades
  7840 | D:8      | Noticed Erica
  7861 | D:8      | Killed from afar by Erica

Illustrated notes

Levels and vault maps discovered:
D:1:      shiori_shiawase, layout_loops_ring, chequers_ecumenical_altar_simple
D:2:      layout_basic, minmay_strange_pillars, st_stairs_8
D:3:      layout_rooms, wad_floor_pattern_untrapped, uniq_sigmund
D:4:      layout_loops_ring, serial_shops, shop, shop, portal_sewer_entry_d
D:5:      layout_rooms, mainiacjoe_overflow_catwalk,
          hangedman_decor_diamond_cutter, uniq_grinder
D:6:      kb_forest_paths, layout_loops_ring, minmay_temple_entry_tees,
          kennysheep_generic_room_13, uniq_menkaure
D:7:      layout_gridville, hex_tiny, minivault_25, columned_hall_lemuel
D:8:      layout_basic, lightli_ossuary_entry_decrepit_ruins, the_hattery,
          uniq_erica
Temple:   mainiacjoe_temple_starburst

Skill      XL: |  1  2  3  4  5  6  7  8  9 |
---------------+----------------------------+-----
Armour         | 4 5 6 8 9 |  9.0
Long Blades    | 3 4 5 6 8 10 | 10.5
Fighting       | 4 5 6 7 |  7.5
Shields        | 4 5 6 7 8 |  8.3
Dodging        | 1 2 |  2.6
Stealth        | |  0.6

Action                   |  1- 3 |  4- 6 |  7- 9 || total
-------------------------+-------+-------+-------++-------
Melee: Long sword        |    93 |   146 |   173 ||   412
       Headbutt          |    16 |    27 |    71 ||   114
       Falchion          |       |       |   185 ||   185
Invok: Heroism           |       |       |     1 ||     1
  Use: Scroll            |       |     5 |     8 ||    13
       Potion            |       |     1 |       ||     1
Armor: Scale mail        |    57 |    15 |       ||    72
       Chain mail        |       |    56 |    78 ||   134
       Plate armour      |       |       |    61 ||    61
Dodge: Dodged            |    53 |    36 |    65 ||   154
Block: Buckler           |    22 |    60 |   153 ||   235
       Reflection        |       |     1 |     6 ||     7
